 Dungeon Crawl Stone Soup version 0.17-a0-1769-g54adf96 (webtiles) character file.

727839 Cenon the Conqueror (level 27, -11/199 HPs)
             Began as a Gargoyle Fighter on Sept 3, 2015.
             Was the Champion of Makhleb.
             Blown up by an eye of devastation (31 damage)
             ... with a bolt of energy
             ... on level 6 of the Pits of Slime on Sept 7, 2015.
             The game lasted 10:22:52 (76611 turns).

Cenon the Conqueror (Gargoyle Fighter)             Turns: 76611, Time: 10:22:53

Health: -11/199    AC: 23    Str: 31    XL:     27
Magic:  27/31      EV: 25    Int: 16    God:    Makhleb [******]
Gold:   6591       SH:  0    Dex: 22    Spells: 6 memorised, 6 levels left

rFire  + . .     SeeInvis .     a - +9 great mace (flame)
rCold  + . .     Clarity  .     n - +10 plate armour {rF+}
rNeg   + + +     SustAt   .     (no shield)
rPois  ∞         Gourm    .     Y - +0 helmet "Ebbebb" {rElec rC+ MR++ Str+3}
rElec  +         Spirit   .     P - +0 cloak of Ciaggerph {rN+ Int+2 Stlth+}
rCorr  .         Warding  .     (no gloves)
rMut   .         Stasis   .     c - +0 pair of boots of Xuemnuv {Dex+3 Stlth+}
MR     ++++.                    (no amulet)
Stlth  ..........               o - ring of the Firefly {rN+ Str+8}
                                (no ring)

@: corroded equipment, very slightly contaminated, hasted, studying Evocations,
very quick, incredibly resistant to hostile enchantments, extremely unstealthy
A: big wings, thin skeletal structure 1, agile 1, negative energy resistance 1,
electricity resistance, spit poison 1, weak 1, unbreathing, petrification
resistance, no device heal 1, rot immunity, MP-powered wands, AC +20
a: Spit Poison, Fly, Minor Destruction, Lesser Servant of Makhleb, Major
Destruction, Greater Servant of Makhleb, Renounce Religion
}: 4/15 runes: decaying, serpentine, silver, golden


You were on level 6 of the Pits of Slime.
You worshipped Makhleb.
Makhleb was exalted by your worship.
You were not hungry.

You visited 13 branches of the dungeon, and saw 65 of its levels.
You visited 1 bazaar.
You also visited: Labyrinth, Trove and Sewer.

You collected 10609 gold pieces.
You spent 4018 gold pieces at shops.

Inventory:

Hand weapons
 a - a +9 great mace of flaming (weapon)
 p - a +0 great mace of crushing
 s - a +3 great mace of freezing
 X - the +8 morningstar "Hell-Harrower" {crush, MP+9}
   (You took it off a deep elf summoner on level 5 of the Vaults)

   It inflicts extra damage upon your enemies.
   It affects your magic capacity (+9).
Missiles
 G - 16 javelins (quivered)
Armour
 c - the +0 pair of boots of Xuemnuv (worn) {Dex+3 Stlth+}
   (You found it on level 3 of the Crypt)

   It affects your dexterity (+3).
   It makes you more stealthy.
 f - the +4 chain mail of the Komtur {*Confuse rC+ rCorr Dex+3}
   (You found it on level 3 of the Crypt)

   It affects your dexterity (+3).
   It protects you from cold.
   It protects you from acid and corrosion.
   It may confuse you when you take damage.
 n - a +10 plate armour of fire resistance (worn)
 D - the +0 mask of the Dragon {MR+ Slay+3 SInv}
   (You found it on level 3 of the Tomb of the Ancients)

   It affects your accuracy and damage with ranged weapons and melee attacks
   (+3).
   It affects your resistance to hostile enchantments.
   It lets you see invisible.
 P - the +0 cloak of Ciaggerph (worn) {rN+ Int+2 Stlth+}
   (You found it on level 2 of the Depths)

   It affects your intelligence (+2).
   It protects you from negative energy.
   It makes you more stealthy.
 Y - the +0 helmet "Ebbebb" (worn) {rElec rC+ MR++ Str+3}
   (You bought it in a shop on level 4 of the Orcish Mines)

   It affects your strength (+3).
   It protects you from cold.
   It insulates you from electricity.
   It affects your resistance to hostile enchantments.
Rods
 b - a +3 rod of shadows (11/11)
   (You found it in a labyrinth)
Jewellery
 k - an uncursed ring of see invisible
 o - the ring of the Firefly (right hand) {rN+ Str+8}
   (You found it on level 3 of the Crypt)

   [ring of positive energy]

   It affects your strength (+8).
   It protects you from negative energy.
 w - an uncursed amulet of clarity
 y - a +6 ring of dexterity
 K - an uncursed amulet of regeneration
 R - an uncursed ring of sustain attributes
 T - the ring of Ascent {rPois rF+ rC+ rN+ Stlth+}
   (You found it on level 3 of the Crypt)

   [ring of positive energy]

   It protects you from fire.
   It protects you from cold.
   It protects you from poison.
   It protects you from negative energy.
   It makes you more stealthy.
Magical devices
 q - a wand of disintegration (10)
 z - a wand of hasting (1)
 A - a wand of digging (10)
 E - a wand of hasting (2)
 O - a wand of teleportation (0)
Scrolls
 i - 5 scrolls of fog
 t - 19 scrolls of identify
 u - 7 scrolls of magic mapping
 x - 17 scrolls of teleportation
 C - a scroll of enchant weapon
 F - 3 scrolls of recharging
 I - 25 scrolls of remove curse
 S - 7 scrolls of fear
Potions
 d - 4 potions of agility
 g - 2 potions of resistance
 j - 5 potions of ambrosia
 r - 3 potions of cure mutation
 v - 5 potions of invisibility
 J - 19 potions of curing
 L - 4 potions of cancellation
 N - a potion of heal wounds
 Q - a potion of brilliance
 U - 6 potions of might
 V - a potion of haste
 Z - 3 potions of berserk rage
Books
 h - a manual of Evocations
Comestibles
 e - 18 bread rations
 l - 24 meat rations
 m - 7 beef jerkies


   Skills:
 O Level 27 Fighting
 - Level 25.1 Maces & Flails
 + Level 16.6 Throwing
 - Level 20.4 Armour
 - Level 20.0 Dodging
   Level 3.2 Shields
 - Level 2.4 Spellcasting
 - Level 6.3 Necromancy
 - Level 6.2 Earth Magic
 - Level 11.0 Invocations
 - Level 10.0 Evocations


You had 6 spell levels left.
You knew the following spells:

 Your Spells              Type           Power        Failure   Level  Hunger
a - Apportation           Tloc           #.........   78%         1    #......
b - Spectral Weapon       Hex/Chrm       #.......     99%         3    ###....
c - Regeneration          Chrm/Necr      ##........   71%         3    ###....
d - Song of Slaying       Chrm           #.......     93%         2    ###....
e - Shatter               Erth           ###.......   100%        9    #######
f - Haste                 Chrm           #.......     100%        6    #######


Dungeon Overview and Level Annotations

Branches:
Dungeon (15/15)            Temple (0/1) D:4            Lair (8/8) D:9
  Swamp (4/4) Lair:3        Snake (4/4) Lair:5        Slime (6/6) Lair:6
    Orc (4/4) D:9             Elf (3/3) Orc:4        Vaults (5/5) D:14
  Crypt (3/3) Vaults:2       Tomb (3/3) Crypt:3      Depths (5/5) D:15
   Hell (1/1)                 Dis (0/7) Hell            Geh (0/7) Hell
    Coc (0/7) Hell            Tar (0/7) Hell            Zot (4/5) Depths:5

Altars:
Ashenzari
Dithmenos
Fedhas
Kikubaaqudgha
Makhleb
Nemelex Xobeh
Okawaru
Qazlal
Ru
Sif Muna
Trog
Vehumet
The Shining One
Jiyva

Shops:
Orc:4 %[!:   Elf:3 :!*[   Snake:1 }   Snake:3 *   Vaults:2 :   Vaults:4 !
Vaults:5 [

Portals:
Hell: Depths:1 Depths:2 Depths:3 Depths:4 Depths:5
Abyss: Depths:3 Depths:4
Pandemonium: Orc:4 Depths:1 Depths:3 Depths:4
Ziggurat: Depths:5


Innate Abilities, Weirdness & Mutations

You are resistant to torment.
Your stone body is resilient (AC +20).
You are immune to poison.
Your large and strong wings let you fly indefinitely.
You resist negative energy.
You are resistant to electric shocks.
You can survive without breathing.
You are immune to petrification.
You are immune to rotting.
You have a somewhat thin skeletal structure (Dex +2, Stealth).
You are agile. (Dex +2)
You can spit weak poison.
You are weak. (Str -2)
Potions and wands are less effective at restoring your health.
You expend magic power (3 MP) to strengthen your wands.


Message History

Your plate armour prevents you from hitting the acid blob.
The acid blob is moderately wounded.
The acid blob spits acid at you. The splash of acid hits you!
The acid burns!
* * * LOW HITPOINT WARNING * * *
Your jelly hits the acid blob.
The acid blob is splashed with acid.
The acid blob hits your jelly!!
Your jelly dies!
Drink which item? (? for menu, Esc to quit)
You feel much better.
Your surroundings suddenly seem different.
The jelly quivers.
The eye of devastation turns its gaze towards you.
Found a scroll of identify.
The eye of devastation gazes at you. The bolt of energy hits you!
* * * LOW HITPOINT WARNING * * *
The eye of devastation gazes at you. The bolt of energy hits you!
You die...

...............
...............
................
.................
.................
.................
.......................###
.........@...............#
.........................#
..........................
..........................
..........................
.....J....................
..........................
#.#.###.....G.............
###.####..................


You could see an eye of devastation and a jelly.

Vanquished Creatures
  the royal jelly (Slime:6)
  Khufu (Tomb:3)
  3 ancient liches
  Mara (Depths:1)
  A juggernaut (Depths:5)
  29 greater mummies
  Boris (Crypt:3)
  Margery (Vaults:3)
  Saint Roka (Snake:3)
  Geryon (Hell)
  6 golden dragons
  the Enchantress (Depths:2)
  Xtahua (Crypt:3)
  2 bone dragons
  Jorgrun (Depths:4)
  11 tentacled monstrosities
  8 titans
  9 liches
  A quicksilver dragon (Vaults:5)
  2 deep elf blademasters (Elf:3)
  2 deep elf master archers (Elf:3)
  Murray (Hell)
  A quicksilver dragon (shapeshifter) (Vaults:5)
  23 acid blobs
  3 death cobs
  9 sphinxes
  Gastronok (D:9)
  An octopode crusher (Depths:1)
  Frances (Swamp:1)
  3 thorn hunters
  16 tengu reavers
  9 storm dragons
  6 shadow dragons
  9 revenants
  7 ancient champions
  5 draconian monks
  9 fire giants
  10 greater nagas
  Wiglaf (Vaults:3)
  8 azure jellies (Slime:6)
  Donald (Crypt:2)
  2 balrugs
  6 frost giants
  2 ghost moths
  7 deep elf sorcerers
  12 vault wardens
  4 draconian shifters
  3 draconian zealots
  5 curse skulls
  2 draconian scorchers (Zot:1)
  An emperor scorpion (Depths:2)
  2 reapers (Hell)
  A draconian annihilator (Zot:1)
  22 stone giants
  11 ironheart preservers
  9 spriggan defenders
  6 vampire knights
  7 war gargoyles
  14 very ugly things
  A stone giant (shapeshifter) (Vaults:5)
  2 green draconians
  9 deep elf demonologists
  4 draconian callers
  A salamander firebrand (Hell)
  4 black draconians
  5 white draconians
  8 mottled draconians
  8 red draconians
  3 yellow draconians
  2 salamander stormcallers
  7 deep elf annihilators
  10 bennus
  6 dire elephants
  2 purple draconians
  An eidolon (Crypt:2)
  A green death (Hell)
  A crystal guardian (Vaults:5)
  12 deep elf death magi
  A merfolk javelineer (Depths:4)
  34 vault guards
  11 ettins
  A quicksilver dragon zombie (Crypt:2)
  18 mummy priests
  3 death oozes (Slime:6)
  5 jiangshi
  Josephine (Swamp:1)
  7 fire dragons
  6 deep elf high priests
  2 entropy weavers
  18 yaktaur captains
  8 great orbs of eyes
  3 minotaurs
  A kraken zombie (Hell)
  Fannar (Lair:2)
  34 hydras
  17 ice dragons
  21 naga warriors
  3 rakshasas
  A quicksilver dragon skeleton (Crypt:1)
  7 spriggan air magi
  13 centaur warriors
  2 death knights (Crypt:1)
  A ghost crab (shapeshifter) (Elf:3)
  7 deep troll shamans
  Erolcha (D:12)
  12 dancing weapons
  2 catoblepae
  18 death yaks
  A death yak (shapeshifter) (Elf:3)
  21 anacondas
  13 ogre magi
  12 deep troll earth magi
  8 alligators
  3 orc high priests
  6 tengu warriors
  3 vampire magi
  5 sun demons
  27 deep elf knights
  5 hell hogs
  14 naga sharpshooters
  6 spriggan berserkers
  2 iron golems (Hell)
  Nergalle (Lair:3)
  42 death scarabs
  7 shock serpents
  6 soul eaters
  An iron troll (Depths:4)
  A fire crab (shapeshifter) (Vaults:5)
  4 titan skeletons
  40 skeletal warriors
  A storm dragon skeleton (Tomb:2)
  An anaconda zombie (Hell)
  3 shadow wraiths
  16 hell knights
  6 salamander mystics
  7 ice devils
  9 spriggan druids
  9 small abominations
  13 ironbrand convokers
  9 large abominations
  7 naga ritualists
  A harpy (shapeshifter) (Depths:3)
  6 unseen horrors
  11 deep elf summoners
  5 flayed ghosts
  2 shambling mangroves
  19 orc knights
  36 deep trolls
  11 harpies
  6 necromancers
  8 swamp dragons
  A giant orange brain (Depths:5)
  3 shadow dragon zombies
  23 anubis guards
  An anaconda skeleton (Crypt:2)
  2 golden dragon skeletons (Crypt:3)
  18 deep elf conjurers
  8 griffons
  16 wolf spiders
  3 oklob plants (Depths:4)
  3 wolf spider zombies
  A hill giant (shapeshifter) (Vaults:5)
  17 hill giants
  4 human zombies
  12 mana vipers
  8 shining eyes
  7 cyclopes
  A fire giant zombie (Crypt:3)
  2 statues (D:13)
  2 frost giant zombies
  11 phantasmal warriors
  9 moths of wrath
  7 hornets
  An elephant (shapeshifter) (Vaults:3)
  20 salamanders
  3 orc sorcerers
  6 manticores
  3 wizards
  An octopode (shapeshifter) (D:13)
  4 centaur zombies
  9 fire giant skeletons (Crypt:3)
  10 elephants
  20 guardian serpents
  2 frost giant skeletons (Vaults:4)
  An eye of devastation (shapeshifter) (Depths:3)
  51 ugly things
  An iron dragon skeleton (Crypt:3)
  A black mamba (shapeshifter) (Depths:4)
  5 gargoyles
  15 naga magi
  Joseph (D:7)
  16 vault sentinels
  A stone giant skeleton (Crypt:3)
  8 rust devils (Hell)
  A smoke demon (Hell)
  34 black mambas
  73 yaktaurs
  A titan simulacrum (Vaults:5)
  A centaur skeleton (D:15)
  A demonic crawler (Hell)
  14 spiny frogs
  2 eyes of devastation
  5 tengu conjurers
  A catoblepas zombie (Crypt:2)
  4 komodo dragons
  An anaconda simulacrum (Hell)
  A queen bee (shapeshifter) (Vaults:5)
  36 guardian mummies
  A redback zombie (D:14)
  2 fire drakes
  5 freezing wraiths
  A harpy zombie (Crypt:2)
  2 kobold demonologists
  18 deep elf priests
  A death yak skeleton (Crypt:1)
  A hydra zombie (Hell)
  2 jumping spiders (Vaults:5)
  2 blue devils (Hell)
  7 giant leeches
  125 slime creatures
  A polar bear (shapeshifter) (Depths:4)
  2 trapdoor spider zombies
  14 blink frogs
  Grinder (D:3)
  5 bog bodies
  A red devil (Hell)
  3 hydra skeletons
  A two-headed ogre (shapeshifter) (Elf:3)
  35 two-headed ogres
  An alligator zombie (Hell)
  7 boulder beetles
  8 trolls
  13 ushabtiu
  A fire dragon zombie (Crypt:3)
  An ettin zombie (Crypt:3)
  2 tarantellas (Depths:4)
  47 spriggans
  9 trapdoor spiders
  A griffon skeleton (Crypt:2)
  3 blink frogs (shapeshifter)
  48 yaks
  8 fire dragon skeletons (Crypt:3)
  2 ettin skeletons
  5 wyverns
  33 deep elf magi
  15 flying skulls
  10 shadows
  9 wraiths
  6 vampires
  11 redbacks
  9 water elementals
  Eustachio (D:4)
  6 basilisks
  12 hippogriffs
  5 hungry ghosts
  A fire bat (shapeshifter) (Vaults:5)
  34 deep elf fighters
  8 golden eyes
  A steam dragon (Lair:7)
  8 fire elementals
  26 vampire mosquitoes
  A merfolk zombie (Crypt:2)
  3 chaos spawn
  19 wolves
  A yaktaur simulacrum (Vaults:2)
  A hill giant skeleton (Crypt:1)
  Edmund (D:6)
  3 mottled dragons
  10 wargs
  54 nagas
  15 water moccasins
  2 soldier ants
  26 swamp worms
  Duvessa (D:7)
  2 spiny frog skeletons
  23 wasps
  9 porcupines
  Purgy (D:4)
  An anubis guard zombie (Crypt:1)
  A blink frog zombie (Crypt:1)
  An ettin simulacrum (Vaults:3)
  6 eyes of draining
  42 orc warriors
  2 black bears
  A wasp (shapeshifter) (Depths:4)
  8 boggarts
  2 black bears (shapeshifter)
  5 sky beasts
  43 ogres
  4 ice beasts
  A phantom (D:13)
  A human skeleton (Vaults:2)
  6 swamp drakes (Swamp:4)
  21 centaurs
  A blink frog skeleton (Crypt:1)
  A manticore skeleton (Crypt:3)
  26 giant frogs
  14 crocodiles
  Blork the orc (D:5)
  3 wyvern zombies
  9 big kobolds
  2 wyvern skeletons
  Dowan (D:7)
  A troll zombie (Tomb:3)
  19 killer bees
  4 scorpions
  2 spriggan skeletons
  2 wights
  13 electric eels
  A yak skeleton (Crypt:1)
  8 crimson imps
  A troll skeleton (Crypt:2)
  2 quasits
  2 gnoll shamans
  36 orc priests
  A wolf skeleton (Crypt:1)
  7 iguanas
  3 giant frog zombies
  33 jellies
  6 hounds
  33 orc wizards
  10 worker ants
  22 sheep
  A giant frog simulacrum (D:13)
  A mottled dragon zombie (Crypt:1)
  2 hound zombies
  42 mummies
  3 worker ant zombies
  38 river rats
  20 adders
  31 gnolls
  7 shadow imps
  13 oozes
  2 adder skeletons
  2 lava snake skeletons (Crypt:2)
  9 worms
  9 giant geckos
  206 orcs
  5 ball pythons
  6 bat skeletons (Depths:2)
  7 giant cockroaches
  7 hobgoblins
  12 bats
  A giant gecko zombie (D:6)
  4 giant newts
  5 goblins
  4 jackals
  26 kobolds
  9 quokkas
  11 rats
  3 briar patches (Swamp:4)
  5 bushes
  3 crawling corpses (Elf:3)
  4 plants (Lair:8)
  3 tentacles (Hell)
  A tentacle segment (Hell)
3261 creatures vanquished.

Vanquished Creatures (collateral kills)
  A greater mummy (Tomb:1)
  Rupert (Lair:6)
  A deep elf blademaster (Elf:2)
  A sphinx (Vaults:5)
  A dancing weapon (Elf:2)
  2 deep elf knights (Elf:2)
  5 orc high priests (Orc:4)
  An ice devil (Orc:4)
  An infernal demonspawn (Orc:4)
  A fire crab (shapeshifter) (D:15)
  2 putrid demonspawn (Orc:4)
  An orc knight (Orc:4)
  A hornet (Swamp:4)
  5 orc sorcerers (Orc:4)
  2 oklob plants
  A sixfirhy (Orc:4)
  A water nymph (shapeshifter) (D:15)
  A torpor snail (Lair:8)
  A yaktaur (Depths:3)
  A slime creature (Slime:6)
  5 yaks
  A wyvern (Lair:3)
  A hungry ghost (Lab)
  A basilisk (Lair:7)
  A wolf (Lair:8)
  8 orc warriors (Orc:4)
  An ogre (Orc:3)
  2 boggarts (D:15)
  An electric eel (Elf:2)
  4 orc priests (Orc:4)
  2 sheep (Lair:8)
  A gnoll (Depths:3)
  6 orcs
  A fungus (Lair:6)
  A plant (Lair:8)
67 creatures vanquished.

Vanquished Creatures (others)
  The ghost of MordorOrchid the Spry, a mighty SpEn of Okawaru (Swamp:4)
  4 ironheart preservers (Vaults:5)
  A mottled draconian (Zot:4)
  A vault guard (Vaults:5)
  A naga warrior (Snake:4)
  A spriggan druid (Swamp:4)
  11 death scarabs
  An ironbrand convoker (Vaults:5)
  7 anubis guards (Tomb:3)
  A naga mage (Snake:4)
  A two-headed ogre (Vaults:5)
  5 flying skulls (Tomb:3)
  A spriggan (Depths:2)
  A deep elf fighter (Elf:3)
  An orc warrior (Vaults:5)
  A centaur (Depths:2)
  A wyvern skeleton (D:9)
  2 jellies (Slime:3)
  An orc priest (Elf:1)
  An orc wizard (D:4)
  3 mummies
  A shadow imp (D:9)
  3 orcs (D:9)
  A bush (Depths:2)
  A fulminant prism (Swamp:4)
  12 fungi
  5 lost souls
  42 plants
  10 tentacles (Hell)
  469 tentacle segments (Hell)
591 creatures vanquished.

Grand Total: 3919 creatures vanquished

Notes
Turn   | Place    | Note
--------------------------------------------------------------
     0 | D:1      | Cenon the Gargoyle Fighter began the quest for the Orb.
     0 | D:1      | Reached XP level 1. HP: 14/14 MP: 1/1
   208 | D:1      | Reached XP level 2. HP: 19/19 MP: 2/2
   881 | D:2      | Reached skill level 4 in Fighting
   898 | D:2      | Reached XP level 3. HP: 16/24 MP: 3/3
  1166 | D:2      | Reached XP level 4. HP: 30/30 MP: 4/4
  1534 | D:2      | Found a faded altar to an unknown god.
  1963 | D:3      | Noticed Grinder
  2295 | D:3      | Paralysed by Grinder for 7 turns
  2314 | D:3      | Killed Grinder
  2314 | D:3      | Reached skill level 5 in Fighting
  2314 | D:3      | Reached XP level 5. HP: 6/36 MP: 5/5
  2314 | D:3      | Reached XP level 6. HP: 6/41 MP: 6/6
  2924 | D:4      | Reached skill level 6 in Fighting
  3135 | D:4      | Found a sparkling altar of Nemelex Xobeh.
  3135 | D:4      | Noticed Eustachio
  3165 | D:4      | Reached skill level 5 in Maces & Flails
  3183 | D:4      | Killed Eustachio
  3183 | D:4      | Reached XP level 7. HP: 20/47 MP: 7/7
  3200 | D:4      | Found a burning altar of Makhleb.
  3200 | D:4      | Found a bloodstained altar of Trog.
  3201 | D:4      | Found a glowing golden altar of the Shining One.
  3201 | D:4      | Found an ancient bone altar of Kikubaaqudgha.
  3201 | D:4      | Found an iron altar of Okawaru.
  3201 | D:4      | Found a shattered altar of Ashenzari.
  3202 | D:4      | Found a stormy altar of Qazlal.
  3207 | D:4      | Became a worshipper of Makhleb the Destroyer
  3367 | D:4      | Reached skill level 7 in Fighting
  3677 | D:4      | Acquired Makhleb's first power
  3701 | D:4      | Noticed Purgy
  3711 | D:4      | Killed Purgy
  3711 | D:4      | Reached XP level 8. HP: 54/54 MP: 8/8
  3732 | D:4      | Found a staircase to the Ecumenical Temple.
  3813 | D:5      | Entered Level 5 of the Dungeon
  3813 | D:5      | Found a sacrificial altar of Ru.
  3923 | D:5      | Reached skill level 8 in Fighting
  4209 | D:5      | Noticed Blork the orc
  4222 | D:5      | Killed Blork the orc
  4666 | D:6      | Acquired Makhleb's second power
  4666 | D:6      | Reached XP level 9. HP: 30/60 MP: 9/9
  4710 | D:6      | Noticed Edmund
  4715 | D:6      | Killed Edmund
  4715 | D:6      | Reached skill level 9 in Maces & Flails
  4822 | D:6      | Found a glowing drain.
  4863 | Sewer    | Entered a sewer
  5347 | Sewer    | Reached skill level 10 in Maces & Flails
  5377 | Sewer    | Acquired Makhleb's third power
  6076 | D:6      | Reached skill level 11 in Maces & Flails
  6319 | D:7      | Noticed Dowan
  6320 | D:7      | Noticed Duvessa
  6327 | D:7      | Killed Dowan
  6337 | D:7      | Killed Duvessa
  6376 | D:7      | Acquired Makhleb's fourth power
  6691 | D:7      | Noticed Joseph
  6719 | D:7      | Killed Joseph
  6719 | D:7      | Reached skill level 12 in Maces & Flails
  6719 | D:7      | Reached XP level 10. HP: 52/64 MP: 10/10
  7096 | D:8      | Found a shadowy altar of Dithmenos.
  7187 | D:8      | Found a blossoming altar of Fedhas.
  7501 | D:8      | Found a deep blue altar of Sif Muna.
  7550 | D:9      | Noticed Gastronok
  7582 | D:9      | Killed Gastronok
  7582 | D:9      | Reached skill level 14 in Maces & Flails
  7736 | D:9      | Found a staircase to the Lair.
  7792 | D:9      | Found a staircase to the Orcish Mines.
  7822 | D:9      | Acquired Makhleb's fifth power
  7922 | D:9      | Learned a level 1 spell: Apportation
  7977 | D:9      | Reached XP level 11. HP: 69/69 MP: 11/11
  8059 | D:9      | Reached skill level 1 in Invocations
  8287 | Orc:1    | Entered Level 1 of the Orcish Mines
  8520 | Orc:2    | Noticed an orc knight
  8584 | Orc:1    | Killed an orc knight
  8591 | Orc:1    | Reached skill level 5 in Invocations
  9495 | Orc:2    | Noticed a soul eater
 10492 | Orc:4    | Entered Level 4 of the Orcish Mines
 11097 | Orc:4    | Noticed an orc knight
 11112 | Orc:4    | Killed an orc knight
 11140 | Orc:4    | Found Sohac's Distillery.
 11170 | Orc:4    | Found Jakoidd's Food Shoppe.
 11270 | Orc:4    | Noticed an ice devil
 11272 | Orc:4    | Killed an ice devil
 11272 | Orc:4    | Reached skill level 10 in Invocations
 11290 | Orc:4    | Noticed an orc knight
 11293 | Orc:4    | Noticed an ice devil
 11296 | Orc:4    | Killed an orc knight
 11296 | Orc:4    | Reached XP level 12. HP: 32/75 MP: 19/19
 11297 | Orc:4    | Noticed an orc high priest
 11297 | Orc:4    | Noticed an orc knight
 11655 | Orc:3    | Killed an ice devil
 11875 | Orc:4    | Found a staircase to the Elven Halls.
 12090 | Orc:4    | Noticed an orc high priest
 12110 | Orc:4    | Killed an orc high priest
 12115 | Orc:4    | Noticed an orc knight
 12130 | Orc:4    | Killed an orc knight
 12152 | Orc:4    | Noticed a putrid demonspawn
 12173 | Orc:4    | Killed an orc knight
 12174 | Orc:4    | Killed an orc high priest
 12179 | Orc:4    | Killed a putrid demonspawn
 12179 | Orc:4    | Reached skill level 5 in Armour
 12183 | Orc:4    | Paralysed by an orc sorcerer for 6 turns
 12193 | Orc:4    | Noticed an infernal demonspawn
 12197 | Orc:4    | Noticed a putrid demonspawn
 12200 | Orc:4    | Killed an infernal demonspawn
 12202 | Orc:4    | Noticed an orc high priest
 12203 | Orc:4    | Killed a putrid demonspawn
 12208 | Orc:4    | Killed an orc high priest
 12212 | Orc:4    | Noticed an orc high priest
 12212 | Orc:4    | Noticed an orc high priest
 12219 | Orc:4    | Killed an orc high priest
 12222 | Orc:4    | Killed an orc high priest
 12228 | Orc:4    | Found Suasaph's Antique Armour Boutique.
 12228 | Orc:4    | Found Carch's Book Shop.
 12228 | Orc:4    | Noticed an orc high priest
 12235 | Orc:4    | Killed an orc high priest
 12235 | Orc:4    | Reached skill level 10 in Fighting
 12236 | Orc:4    | Found a one-way gate leading to the halls of Pandemonium.
 12289 | Orc:4    | Bought a pair of glowing boots for 135 gold pieces
 12289 | Orc:4    | Bought a twisted helmet for 285 gold pieces
 12289 | Orc:4    | Bought a glowing shield for 135 gold pieces
 12306 | Orc:4    | Identified the +0 helmet "Ebbebb" {rElec rC+ MR++ Str+3} (You bought it in a shop on level 4 of the Orcish Mines)
 12553 | Orc:4    | Bought a potion of invisibility for 120 gold pieces
 12553 | Orc:4    | Bought a potion of might for 60 gold pieces
 12553 | Orc:4    | Bought a potion of might for 60 gold pieces
 12553 | Orc:4    | Bought a potion of flight for 45 gold pieces
 12553 | Orc:4    | Bought a potion of berserk rage for 75 gold pieces
 12650 | Lair:1   | Entered Level 1 of the Lair of Beasts
 13446 | Lair:2   | Noticed Fannar
 13514 | Lair:2   | Killed Fannar
 13635 | Lair:2   | Reached XP level 13. HP: 85/85 MP: 21/21
 13923 | Lair:2   | Noticed a catoblepas
 13942 | Lair:2   | Killed a catoblepas
 14453 | Lair:3   | Noticed Nergalle
 14459 | Lair:3   | Found a staircase to the Swamp.
 14501 | Lair:3   | Killed Nergalle
 16440 | Lair:5   | Found a staircase to the Snake Pit.
 16707 | Lair:5   | Reached skill level 15 in Fighting
 17275 | Lair:6   | Found a staircase to the Slime Pits.
 17404 | Lair:6   | Noticed Rupert
 17417 | Lair:6   | Killed Rupert
 17417 | Lair:6   | Reached skill level 15 in Maces & Flails
 17417 | Lair:6   | Gained mutation: Your large and strong wings let you fly indefinitely. [Gargoyle growth]
 17417 | Lair:6   | Reached XP level 14. HP: 61/98 MP: 22/22
 18222 | Lair:7   | Reached skill level 16 in Maces & Flails
 18353 | Lair:7   | HP: 4/98 [seven-headed hydra (10)]
 18535 | Lair:6   | Upgraded the game from 0.17-a0-1760-ga6756ae to 0.17-a0-1763-g847a857
 19062 | Lair:8   | Entered Level 8 of the Lair of Beasts
 19145 | Lair:8   | Found a labyrinth entrance.
 19204 | Lab      | Entered a labyrinth
 20165 | Lab      | Identified a +3 rod of shadows (11/11) (You found it in a labyrinth)
 20560 | Lair:8   | Reached skill level 17 in Maces & Flails
 21576 | Lair:8   | Reached XP level 15. HP: 103/103 MP: 23/23
 22387 | Elf:1    | Entered Level 1 of the Elven Halls
 22538 | Elf:1    | Reached skill level 18 in Maces & Flails
 22841 | Elf:1    | Gained mutation: You are agile. (Dex +2) [potion of beneficial mutation]
 23309 | Elf:1    | Reached skill level 1 in Throwing
 23752 | Orc:4    | Bought a shiny chain mail for 135 gold pieces
 23768 | Orc:4    | Bought a book of Battle for 560 gold pieces
 23774 | Orc:4    | Learned a level 3 spell: Spectral Weapon
 23778 | Orc:4    | Learned a level 3 spell: Regeneration
 23781 | Orc:4    | Learned a level 2 spell: Song of Slaying
 23908 | Elf:2    | Found a runed gate.
 23913 | Elf:2    | Found a runed gate.
 23915 | Elf:2    | Found a runed gate.
 23930 | Elf:2    | Noticed a deep elf sorcerer
 23941 | Elf:2    | Killed a deep elf sorcerer
 23945 | Elf:2    | Reached skill level 19 in Maces & Flails
 24526 | Elf:2    | Noticed a deep elf blademaster
 24536 | Elf:2    | Killed a deep elf blademaster
 24536 | Elf:2    | Reached skill level 5 in Throwing
 24773 | Elf:2    | Reached XP level 16. HP: 103/108 MP: 24/24
 25168 | Elf:3    | Entered Level 3 of the Elven Halls
 25168 | Elf:3    | Found Jimikh's Book Shoppe.
 25206 | Elf:3    | Found a runed door.
 25393 | Elf:3    | Found Nitibymy's Antique Armour Shop.
 25400 | Elf:3    | Bought a glowing cloak for 130 gold pieces
 25400 | Elf:3    | Bought a shiny plate armour for 667 gold pieces
 25690 | D:10     | Entered Level 10 of the Dungeon
 27928 | D:12     | Reached skill level 20 in Maces & Flails
 27939 | D:12     | Noticed Erolcha
 27941 | D:12     | Killed Erolcha
 28675 | D:13     | Reached skill level 10 in Throwing
 28689 | D:13     | Reached skill level 1 in Dodging
 28852 | D:13     | Identified a +2 rod of destruction (9/9) (You found it on level 13 of the Dungeon)
 29103 | D:13     | Reached skill level 1 in Evocations
 29445 | D:14     | Reached XP level 17. HP: 113/113 MP: 25/25
 29708 | D:14     | Found a gate to the Vaults.
 30114 | D:15     | Entered Level 15 of the Dungeon
 30371 | D:15     | Reached skill level 5 in Evocations
 30491 | D:15     | Reached skill level 5 in Dodging
 31113 | D:15     | Found a staircase to the Depths.
 31566 | Depths:1 | Entered Level 1 of the Depths
 31905 | Depths:1 | Noticed Mara
 32122 | D:12     | Reached XP level 18. HP: 119/119 MP: 26/26
 32446 | Swamp:1  | Entered Level 1 of the Swamp
 32749 | Swamp:1  | Noticed Frances
 32760 | Swamp:1  | Killed Frances
 33031 | Swamp:1  | Noticed Josephine
 33048 | Swamp:1  | Killed Josephine
 33480 | Swamp:2  | Identified a -3 rod of shadows (12/12) (You found it on level 2 of the Swamp)
 34018 | Swamp:3  | Got a slimy chain mail
 34029 | Swamp:3  | Identified the +8 chain mail of Guick {rElec rF+ MP+9} (You found it on level 3 of the Swamp)
 34230 | Swamp:3  | Reached skill level 10 in Evocations
 34762 | Swamp:4  | Entered Level 4 of the Swamp
 35158 | Swamp:4  | Reached skill level 10 in Dodging
 35184 | Swamp:4  | Got a slimy glaive
 35185 | Swamp:4  | Identified the +8 glaive of Penaqeg {holy, MR- Dex+6} (You found it on level 4 of the Swamp)
 35345 | Swamp:4  | Noticed MordorOrchid's ghost (mighty SpEn)
 35345 | Swamp:4  | Reached skill level 10 in Armour
 35367 | Swamp:4  | Reached XP level 19. HP: 124/124 MP: 27/27
 35410 | Swamp:4  | Killed MordorOrchid's ghost
 35461 | Swamp:4  | Got a decaying rune of Zot
 35979 | Snake:1  | Entered Level 1 of the Snake Pit
 36060 | Snake:1  | Found Iplitaim's Gadget Shoppe.
 38795 | Snake:3  | Found Deybah's Assorted Antiques.
 38803 | Snake:3  | Bought a runed copper wand for 120 gold pieces
 38893 | Snake:3  | Noticed Saint Roka
 38922 | Snake:3  | Killed Saint Roka
 39209 | Snake:4  | Entered Level 4 of the Snake Pit
 39328 | Snake:4  | Found a flickering gateway to a bazaar.
 39418 | Snake:4  | Reached XP level 20. HP: 137/137 MP: 28/28
 39454 | Bazaar   | Entered a bazaar
 39454 | Bazaar   | Found Pesa Rix's Antique Armour Shoppe.
 39454 | Bazaar   | Found Huczaehomm's Assorted Antiques.
 39455 | Bazaar   | Found Uraluwk's Armour Emporium.
 39455 | Bazaar   | Found Neihoxt's Distillery.
 39468 | Bazaar   | Bought 2 potions of heal wounds for 280 gold pieces
 39482 | Bazaar   | Bought a potion of might for 56 gold pieces
 39496 | Bazaar   | Bought an embroidered cloak for 108 gold pieces
 39637 | Snake:4  | Got an ivory hand axe
 39638 | Snake:4  | Identified the cursed +2 hand axe "Riufikley" {flame, rF++ Str+3} (You found it on level 4 of the Snake Pit)
 40164 | Snake:4  | Reached skill level 1 in Spellcasting
 40231 | Snake:4  | Got a serpentine rune of Zot
 40671 | Lair:1   | Learned a level 9 spell: Shatter
 40970 | Vaults:1 | Entered Level 1 of the Vaults
 40984 | Vaults:1 | Reached skill level 1 in Earth Magic
 41223 | Vaults:1 | Reached skill level 5 in Earth Magic
 42029 | Vaults:1 | Reached XP level 21. HP: 146/146 MP: 29/29
 42191 | Vaults:2 | Found Eluixzac's Book Shoppe.
 42547 | Vaults:2 | Found a staircase to the Crypt.
 43848 | Vaults:3 | Found a portal to a secret trove of treasure.
 44129 | Vaults:3 | Noticed Margery
 44150 | Vaults:3 | Killed Margery
 44180 | Vaults:3 | Gained mutation: You can spit weak poison. [potion of beneficial mutation]
 44215 | Vaults:3 | Noticed Wiglaf
 44231 | Vaults:3 | Killed Wiglaf
 45211 | Vaults:4 | Reached XP level 22. HP: 153/153 MP: 30/30
 45872 | Vaults:4 | Found Nyrcherei's Distillery.
 45883 | Vaults:4 | Reached skill level 21 in Fighting
 45901 | Vaults:4 | Bought a potion of cancellation for 104 gold pieces
 45901 | Vaults:4 | Bought a potion of might for 52 gold pieces
 46150 | Vaults:5 | Entered Level 5 of the Vaults
 46329 | Vaults:5 | Reached skill level 22 in Fighting
 46569 | Vaults:5 | Reached skill level 23 in Fighting
 46689 | Vaults:5 | Reached XP level 23. HP: 164/164 MP: 31/31
 46955 | Vaults:5 | Got a pitted jade ring
 46957 | Vaults:5 | Identified the ring of Suly {Ice rElec Str+2} (You found it on level 5 of the Vaults)
 48008 | Vaults:5 | Got a silver rune of Zot
 48063 | Vaults:5 | Identified the Guide on the Escort and Darkness (You found it on level 5 of the Vaults)
 48093 | Vaults:5 | Got a polished morningstar
 48094 | Vaults:5 | Identified the +1 morningstar "Siostemm" {crush, +Inv Int+2 Dex-3 SInv} (You found it on level 5 of the Vaults)
 48097 | Vaults:5 | Got a transparent robe
 48108 | Vaults:5 | Identified the cursed +1 robe "Ylir" {-Cast rPois Int+3} (You found it on level 5 of the Vaults)
 48194 | Vaults:5 | Got a twisted morningstar
 48195 | Vaults:5 | Identified the +8 morningstar "Hell-Harrower" {crush, MP+9} (You took it off a deep elf summoner on level 5 of the Vaults)
 48220 | Vaults:5 | Got an uncursed iridescent shortbow {flame}
 48221 | Vaults:5 | Identified the +5 shortbow "Qidopaar" {flame, rC+} (You took it off a deep elf priest on level 5 of the Vaults)
 48449 | Vaults:5 | Found Heruton's Antique Armour Boutique.
 48453 | Vaults:5 | Bought a pair of ancient boots for 399 gold pieces
 48463 | Vaults:5 | Identified the cursed -2 pair of boots of the Rose {MP-9 Int+4 Stlth+} (You bought it in a shop on level 5 of the Vaults)
 49845 | Elf:3    | Found Dodar's Distillery.
 49850 | Elf:3    | Bought a potion of haste for 120 gold pieces
 49850 | Elf:3    | Bought a potion of cancellation for 96 gold pieces
 49850 | Elf:3    | Bought a potion of might for 48 gold pieces
 49850 | Elf:3    | Bought a potion of resistance for 120 gold pieces
 49850 | Elf:3    | Bought a potion of might for 48 gold pieces
 49850 | Elf:3    | Bought a potion of heal wounds for 60 gold pieces
 49936 | Elf:3    | Found Asejet's Assorted Antiques.
 50103 | Elf:3    | Reached skill level 15 in Armour
 50103 | Elf:3    | Reached XP level 24. HP: 171/171 MP: 31/31
 50160 | Elf:3    | Noticed a deep elf blademaster
 50161 | Elf:3    | Noticed a deep elf blademaster
 50180 | Elf:3    | Killed a deep elf blademaster
 50222 | Elf:3    | Killed a deep elf blademaster
 50465 | Elf:3    | Noticed a deep elf master archer
 50657 | Elf:3    | Noticed a deep elf master archer
 50669 | Elf:3    | Killed a deep elf master archer
 50679 | Elf:3    | Killed a deep elf master archer
 50746 | Elf:3    | Got a heavily runed brass ring
 50759 | Elf:3    | Identified the ring "Zimmon" {rC+ MP+9 Int+3} (You took it off a deep elf demonologist on level 3 of the Elven Halls)
 50857 | Elf:3    | Gained mutation: You expend magic power (3 MP) to strengthen your wands. [a neqoxec]
 50940 | Elf:3    | Identified Pieq's Compendium of Talismans (You found it on level 3 of the Elven Halls)
 50949 | Elf:3    | Learned a level 6 spell: Haste
 50960 | Elf:3    | Identified the Grimoire of Conjuration and Cold
 50996 | Elf:3    | Got a pair of ichor-stained gloves
 51007 | Elf:3    | Identified the +0 pair of gloves "Luikah" {Str+3 Int+3} (You found it on level 3 of the Elven Halls)
 51031 | Elf:3    | Upgraded the game from 0.17-a0-1763-g847a857 to 0.17-a0-1767-gccbed74
 51036 | Elf:3    | Got a crude shortbow
 51042 | Elf:3    | Identified the +7 shortbow of Mulataol {speed, rPois Int+3} (You found it on level 3 of the Elven Halls)
 51057 | Elf:3    | Got a faintly glowing falchion
 51058 | Elf:3    | Identified the +3 falchion "Sarghav" {slice, rN+ Int+2} (You found it on level 3 of the Elven Halls)
 51673 | Depths:1 | Noticed Cenon's illusion
 51703 | Depths:1 | Killed Mara
 52134 | Depths:1 | Found a gateway to Hell.
 52153 | Hell     | Entered the Vestibule of Hell
 52156 | Hell     | Noticed Geryon
 52158 | Hell     | Noticed Murray
 52745 | Depths:2 | Found a bloodstained altar of Trog.
 53038 | Depths:2 | Got an ancient cloak
 53049 | Depths:2 | Identified the +0 cloak of Ciaggerph {rN+ Int+2 Stlth+} (You found it on level 2 of the Depths)
 53070 | Depths:2 | Got a crude flail
 53071 | Depths:2 | Identified the +2 flail of the Unkillable {antimagic, -Tele +Inv Str+3 Dex+3} (You found it on level 2 of the Depths)
 53188 | Depths:2 | Noticed the Enchantress
 53238 | Depths:2 | Killed the Enchantress
 53487 | Depths:2 | Got a twisted scale mail
 53498 | Depths:2 | Identified the +3 scale mail "Ydinupue" {MR+} (You found it on level 2 of the Depths)
 53541 | Depths:2 | Reached XP level 25. HP: 176/176 MP: 31/31
 53793 | Depths:2 | Got a faerie dragon armour
 53804 | Depths:2 | Identified the +4 faerie dragon armour {MP+9 Stlth+} (You took it off the Enchantress on level 2 of the Depths)
 55344 | Depths:3 | Found a one-way gate to the infinite horrors of the Abyss.
 55717 | Depths:4 | Noticed Jorgrun
 55722 | Depths:4 | Killed Jorgrun
 55722 | Depths:4 | Reached skill level 1 in Necromancy
 56316 | Depths:4 | Reached skill level 5 in Necromancy
 56608 | Depths:5 | Entered Level 5 of the Depths
 56609 | Depths:5 | Found a gateway to a ziggurat.
 56682 | Depths:5 | Reached skill level 15 in Dodging
 56774 | Depths:5 | Found an iron altar of Okawaru.
 56823 | Depths:5 | Reached XP level 26. HP: 182/182 MP: 31/31
 56864 | Depths:5 | Found a radiant altar of Vehumet.
 57111 | Depths:5 | Found a gate to the Realm of Zot.
 57136 | Depths:5 | Noticed a juggernaut
 57155 | Depths:5 | Killed a juggernaut
 57527 | Hell     | Killed Murray
 57644 | Hell     | Killed Geryon
 58081 | Vaults:3 | You paid a toll of the horn of Geryon to enter a treasure trove
 58082 | Trove    | Entered a treasure trove
 58102 | Trove    | Got a dazzling storm dragon armour
 58113 | Trove    | Identified the cursed +1 storm dragon armour "Kuwkerph" {rElec Regen+} (You found it in a treasure trove)
 58133 | Trove    | Got a jasper-encrusted troll leather armour
 58144 | Trove    | Identified the +4 troll leather armour of Good Intentions {rElec rC+ Regen+ Str+9 Stlth-} (You found it in a treasure trove)
 58191 | Vaults:3 | Identified a +0 rod of inaccuracy (12/12) (You took it off a minotaur on level 3 of the Depths)
 58193 | Vaults:3 | Upgraded the game from 0.17-a0-1767-gccbed74 to 0.17-a0-1769-g54adf96
 58290 | Crypt:1  | Entered Level 1 of the Crypt
 59480 | Crypt:2  | Noticed Donald
 59491 | Crypt:2  | Killed Donald
 59639 | Crypt:3  | Entered Level 3 of the Crypt
 59976 | Crypt:3  | Noticed Boris
 59986 | Crypt:3  | Killed Boris
 59986 | Crypt:3  | Reached XP level 27. HP: 188/188 MP: 31/31
 60047 | Crypt:3  | Reached skill level 24 in Maces & Flails
 60103 | Crypt:3  | Got a crude brass amulet
 60106 | Crypt:3  | Identified the amulet "Dumuety Pera" {Ward rN+ Dex+4} (You found it on level 3 of the Crypt)
 60110 | Crypt:3  | Got a slimy silver ring
 60112 | Crypt:3  | Identified the ring of the Firefly {rN+ Str+8} (You found it on level 3 of the Crypt)
 60117 | Crypt:3  | Got a faintly glowing copper ring
 60119 | Crypt:3  | Identified the ring of Ascent {rPois rF+ rC+ rN+ Stlth+} (You found it on level 3 of the Crypt)
 60227 | Crypt:3  | Got a shimmering chain mail
 60238 | Crypt:3  | Identified the +4 chain mail of the Komtur {*Confuse rC+ rCorr Dex+3} (You found it on level 3 of the Crypt)
 60335 | Crypt:3  | Noticed Xtahua
 60347 | Crypt:3  | Killed Xtahua
 60976 | Crypt:3  | Found a staircase to the Tomb.
 60990 | Crypt:3  | Got an ichor-stained cloak
 61001 | Crypt:3  | Identified the +2 cloak of Terudul {Stlth+} (You found it on level 3 of the Crypt)
 61013 | Crypt:3  | Got a pair of steaming boots
 61024 | Crypt:3  | Identified the +0 pair of boots of Xuemnuv {Dex+3 Stlth+} (You found it on level 3 of the Crypt)
 61312 | Crypt:3  | Found an ancient bone altar of Kikubaaqudgha.
 61314 | Crypt:3  | Noticed an ancient lich
 61341 | Crypt:3  | Killed an ancient lich
 61381 | Crypt:3  | Got a brightly glowing morningstar
 61382 | Crypt:3  | Identified the +7 morningstar of the Skies Above {antimagic, Dex+4} (You found it on level 3 of the Crypt)
 61393 | Crypt:3  | Noticed an ancient lich
 61414 | Crypt:3  | Killed an ancient lich
 61424 | Crypt:3  | Gained mutation: You have a somewhat thin skeletal structure (Dex +2, Stealth). [potion of beneficial mutation]
 62350 | Slime:1  | Entered Level 1 of the Pits of Slime
 63063 | Hell     | Found a gateway to the freezing wastes of Cocytus.
 63142 | Hell     | Found a gateway to the decaying netherworld of Tartarus.
 63193 | Hell     | Found a gateway to the ashen valley of Gehenna.
 63259 | Hell     | Found a gateway to the Iron City of Dis.
 63964 | Zot:1    | Entered Level 1 of the Realm of Zot
 65871 | Zot:3    | Noticed an orb of fire
 66009 | Zot:4    | Noticed an orb of fire
 66038 | Zot:4    | Noticed an orb of fire
 66776 | Tomb:1   | Entered Level 1 of the Tomb of the Ancients
 69044 | Tomb:1   | Reached skill level 25 in Fighting
 69406 | Tomb:1   | Got a spiked helmet
 69417 | Tomb:1   | Identified the +1 helmet of Ru's Delight {+Inv rF+ rC-} (You found it on level 1 of the Tomb of the Ancients)
 69670 | Tomb:1   | Reached skill level 26 in Fighting
 69939 | Tomb:3   | Entered Level 3 of the Tomb of the Ancients
 70293 | Tomb:2   | Reached skill level 27 in Fighting
 70833 | Tomb:3   | Noticed an ancient lich
 70952 | Tomb:3   | Killed an ancient lich
 70959 | Tomb:3   | Identified 3 scrolls of acquirement
 70968 | Tomb:3   | Got a warped plate armour
 70979 | Tomb:3   | Identified the +4 plate armour of Vecsik {rN+ Str+3 SInv} (You acquired it on level 3 of the Tomb of the Ancients)
 71026 | Tomb:3   | Noticed Khufu
 71041 | Tomb:3   | Killed Khufu
 71160 | Tomb:3   | Got a scorched platinum ring
 71161 | Tomb:3   | Identified the ring of Intercession {Str+2 Int+2 Stlth-} (You found it on level 3 of the Tomb of the Ancients)
 71175 | Tomb:3   | Got a faintly glowing gossamer ring
 71176 | Tomb:3   | Identified the ring of Tinain {Fire +Inv rPois MP-9 Str+2} (You found it on level 3 of the Tomb of the Ancients)
 71269 | Tomb:3   | Got a golden rune of Zot
 71495 | Tomb:3   | Got a pitted pewter ring
 71496 | Tomb:3   | Identified the ring of Korchigif {MR+ Stlth+} (You found it on level 3 of the Tomb of the Ancients)
 71511 | Tomb:3   | Got a translucent ring mail
 71522 | Tomb:3   | Identified the +1 ring mail "Ydisoej" {Dex+3} (You found it on level 3 of the Tomb of the Ancients)
 71586 | Tomb:3   | Got a fine scale mail
 71597 | Tomb:3   | Identified the +8 scale mail of Servitude {Int+7 Stlth+} (You took it off an anubis guard on level 3 of the Tomb of the Ancients)
 75234 | Slime:3  | Gained mutation: You are weak. (Str -2) [a shining eye]
 75324 | Slime:4  | Reached skill level 15 in Throwing
 75452 | Slime:4  | Found a viscous altar of Jiyva.
 75884 | Slime:6  | Entered Level 6 of the Pits of Slime
 76025 | Slime:6  | Noticed the royal jelly
 76528 | Slime:6  | Gained mutation: Potions and wands are less effective at restoring your health. [a shining eye]
 76558 | Slime:6  | Killed the royal jelly
 76598 | Slime:6  | HP: 7/199 [slime creature (3)]
 76611 | Slime:6  | Blown up by an eye of devastation

Vault maps used:
D:1:      roderic_crop_circles_arrival_small
D:2:      lemuel_upstairs_altar, ecumenical_altar_2, first_bread,
          grunt_decor_arrowhead
D:3:      uniq_grinder
D:4:      grunt_temple_overflow_open, minmay_temple_entry_nine_rooms,
          kennysheep_nub, uniq_purgy, uniq_eustachio
D:5:      basic_altar, uniq_blork_the_orc
D:6:      portal_sewer_entry_b, uniq_edmund
D:7:      sigmund_army, uniq_joseph, uniq_duvessa
D:8:      lemuel_crystal_altar, lemuel_doored_altar,
          nicolae_dithmenos_the_darkroom, grunt_ogre_cave
D:9:      lair_0_dummy, orc_0_dummy, lemuel_old_faithful, uniq_gastronok
D:11:     hangedman_cross_stitches
D:12:     uniq_erolcha
D:13:     minmay_dotted_concentric_squares, serial_corexii_hall,
          corexii_hall_statues_u, corexii_hall_statues_deadend,
          minmay_dual_archer_statues
D:14:     erik_vaults_2, minmay_parallelograms
D:15:     gammafunk_enter_depths_forms, minmay_misc_feat_diagonals, kb_rosetta
Lair:1:   serial_bayou_shore_a
Lair:2:   serial_bayou, serial_bayou_lagoon_b, serial_bayou_crossing,
          serial_bayou_pond_c, serial_bayou_lagoon_a, uniq_fannar
Lair:3:   minmay_swamp_entry_eels, infiniplex_staircase_pool, uniq_nergalle
Lair:4:   wad_woods_road_04, grunt_megastairs_1
Lair:5:   minmay_snake_entry_guardpost_medium, minivault_11, grunt_megastairs_4
Lair:6:   nicolae_slime_entry_slimehenge, minmay_hedge_maze,
          grunt_forest_small_clearing_treed, infiniplex_staircase_pool_2,
          uniq_rupert
Lair:7:   grunt_forest_large_clearings
Lair:8:   due_jungle_book, lab_entry_generic, serial_bayou_pond_c
Swamp:1:  nicolae_swamp_orc_logging_accident, uniq_josephine, uniq_frances
Swamp:2:  nicolae_swamp_fairy_circle
Swamp:3:  evilmike_swamp_ruin_house_5, swamp_pool1, nicolae_swamp_treefoil
Swamp:4:  swamp
Snake:1:  serial_shops, nicolae_shop_crystal
Snake:2:  serial_bayou_shore_b
Snake:3:  serial_shops, shop_statue, hangedman_snake_corridor_cut,
          grunt_megastairs_5, basic_stair_grate_trap, uniq_saint_roka
Snake:4:  grunt_snake_rune_serpentine_throne, serial_shops, bzr_in_the_mist,
          corexii_hall_statues_s, st_stairs_13
Slime:3:  nicolae_slime_welcoming_committee
Slime:4:  basic_altar, cheibrodos_slime_lost_civilization_7
Orc:2:    minmay_goldmine, basic_altar, roderic_batcave
Orc:3:    nicolae_orc_pool_cavern, minmay_orc_keep
Orc:4:    pf_orc_diabolical
Elf:1:    elf_arrival_002, orc_legates, minivault_14, statue_in_the_mist_lemuel
Elf:2:    minivault_14
Elf:3:    elf_hall, serial_shops, shop, shop, shop, shop, minivault_13
Vaults:1: nicolae_vaults_theta, nicolae_vaults_little_squares_6,
          hangedman_vaults_trim, v_pattern_1, hangedman_vaults_hat,
          v_alt_pattern_6, v_misc_11, vaults_room_stairs_pillars,
          nicolae_vaults_little_squares_1, hangedman_vaults_slice
Vaults:2: hangedman_vaults_maws, minmay_crypt_entry_simple_walls,
          ontoclasm_vaults_loading_screen, vaults_dpeg_ring, serial_shops, shop
Vaults:3: nicolae_vaults_border_crossing, vaults_room_pools,
          vaults_mumra_minichess, hangedman_vaults_stitches,
          nicolae_vaults_little_squares_3, v_pattern_3,
          nicolae_vaults_little_squares_2, nicolae_trove_entry_diagonal,
          uniq_margery, uniq_wiglaf
Vaults:4: v_misc_1, grunt_vaults_trifunnel, vaults_room_semicircle,
          ontoclasm_vaults_shuriken, vaults_room_corners,
          nicolae_vaults_three_branches, nicolae_vaults_theta, sword_in_stone,
          ontoclasm_vaults_ring_small, v_misc_2, ontoclasm_vaults_twist,
          serial_shops, shop
Crypt:2:  grunt_ministairs_11, uniq_donald
Crypt:3:  quadcrypt_mu, uniq_xtahua, uniq_boris
Depths:1: pf_hell_entry_great_geh, minmay_splitting_lines, pan_entry,
          serial_bayou_ford_a, spider_trap, hangedman_decor_peaks_small,
          hangedman_aviary, uniq_mara
Depths:2: spriggan_forest, hell_entry, serial_shops
Depths:3: fort_yaktaur, kennysheep_cluttered_room, pan_entry,
          minmay_room_of_horrors, hell_entry
Depths:4: spider_temple_joshua, lightli_too_deep, hangedman_abyss_entry_splay,
          pan_entry, infiniplex_staircase_zigzag_4, serial_bayou_shore_b,
          serial_bayou_shore_b, serial_bayou_shore_b, uniq_jorgrun
Depths:5: grunt_zot_entry_funnels, enter_ziggurat_f, hell_entry,
          okawaru_ov_weapons_minmay, grunt_tower_of_power
Zot:1:    zot_minivault_2
Zot:4:    circus_mu
Lab:      labyrinth_hidden_loot, nicolae_lab_x
Bazaar:   bazaar_jpeg_oval
Trove:    trove_hunter_1
Sewer:    sewer_co_tree

Action                   |  1- 3 |  4- 6 |  7- 9 | 10-12 | 13-15 | 16-18 | 19-21 | 22-24 | 25-27 || total
-------------------------+-------+-------+-------+-------+-------+-------+-------+-------+-------++-------
Melee: Flail             |   110 |   144 |   560 |  1178 |  1023 |       |       |       |       ||  3015
       Great mace        |       |       |       |       |   443 |  1527 |  1734 |   902 |  3603 ||  8209
       Morningstar       |       |       |       |       |       |       |       |   959 |    18 ||   977
Throw: Javelin           |       |       |       |     3 |     8 |    20 |    23 |     7 |    51 ||   112
Invok: Greater Servant o |       |       |       |     4 |     6 |     1 |     1 |     4 |     3 ||    19
       Lesser Servant of |       |       |       |     1 |     2 |       |       |       |       ||     3
       Major Destruction |       |       |       |     1 |     3 |       |       |     1 |       ||     5
       Minor Destruction |       |       |       |     1 |     2 |       |       |       |       ||     3
 Abil: Fly               |       |       |       |       |     2 |     2 |     1 |     2 |     2 ||     9
       Stop Flying       |       |       |       |       |     1 |     1 |     1 |     1 |     3 ||     7
Evoke: Wand              |       |       |     3 |       |    10 |     7 |     1 |     8 |     9 ||    38
       Rod               |       |       |       |       |       |     7 |       |       |     6 ||    13
  Use: Scroll            |       |     6 |    13 |     2 |    18 |    16 |     8 |    17 |    21 ||   101
       Potion            |       |     1 |     3 |     6 |     9 |     2 |     2 |    12 |    18 ||    53
 Stab: Distracted        |       |       |       |     1 |     2 |     2 |     2 |     2 |     3 ||    12
       Invisible         |       |       |       |     8 |       |       |       |       |       ||     8
       Confused          |       |       |       |       |       |       |     2 |       |       ||     2
       Petrifying        |       |       |       |       |       |       |     1 |       |       ||     1
  Eat: Chunk             |     1 |     7 |     7 |    18 |    19 |    28 |    17 |    17 |    31 ||   145
       Pizza             |       |       |     1 |       |     4 |       |       |       |     4 ||     9
       Bread ration      |       |       |     1 |     1 |     3 |     3 |     3 |     3 |     5 ||    19
       Beef jerky        |       |       |       |     2 |       |       |     2 |       |     7 ||    11
       Fruit             |       |       |       |       |     5 |       |     4 |       |     2 ||    11
       Royal jelly       |       |       |       |       |     1 |     1 |       |       |     4 ||     6
       Meat ration       |       |       |       |       |       |       |       |     1 |     4 ||     5
